 Dungeon Crawl Stone Soup version 0.23.2-1-ga50397a6bc (webtiles) character file.

Game seed: 2828065800416601304

85 Mrkan the Twirler (level 4, -4/38 HPs)
             Began as a Draconian Gladiator on May 22, 2019.
             Was an Initiate of Dithmenos.
             Killed by divine providence
             ... invoked by an orc priest
              (8 damage)
             ... on level 4 of the Dungeon.
             The game lasted 00:03:45 (1900 turns).

Mrkan the Twirler (Draconian Gladiator)             Turns: 1900, Time: 00:03:45

Health: -4/38      AC:  5    Str: 18    XL:     4   Next: 25%
Magic:  4/4        EV: 13    Int:  8    God:    Dithmenos [......]
Gold:   107        SH:  0    Dex: 12    Spells: 3/3 levels left

rFire    . . .     SeeInvis .   a - +0 quarterstaff
rCold    . . .     Gourm    .   (shield currently unavailable)
rNeg     . . .     Faith    .   (armour unavailable)
rPois    .         Spirit   .   b - +0 hat
rElec    .         Reflect  .   (no cloak)
rCorr    .         Harm     .   (no gloves)
MR       .....                  (no boots)
Stlth    +.........             (no amulet)
HPRegen  0.12/turn              (no ring)
MPRegen  0.09/turn              (no ring)

@: no status effects
A: unfitting armour, cold-blooded, AC +5
a: Renounce Religion


You were on level 4 of the Dungeon.
You worshipped Dithmenos.
Dithmenos was noncommittal.
You were not hungry.

You visited 1 branch of the dungeon, and saw 5 of its levels.

You collected 107 gold pieces.

Inventory:

Hand Weapons
 a - a +0 quarterstaff (weapon)
Missiles
 c - 3 throwing nets (quivered)
Armour
 b - a +0 hat (worn)
Jewellery
 i - a +3 ring of evasion {unknown}
 m - a cursed amulet of magic regeneration {unknown}
 s - an uncursed ring of poison resistance {unknown}
Wands
 r - a wand of iceblast (6)
Scrolls
 f - a scroll of enchant armour {unknown}
 h - 2 scrolls of remove curse {unknown}
 o - 3 scrolls of teleportation {unknown}
 p - a scroll of magic mapping {unknown}
 q - a scroll of blinking {unknown}
 t - a scroll of noise {unknown}
Potions
 e - a potion of brilliance {unknown}
 g - a potion of resistance {unknown}
 j - a potion of lignification {unknown}
 k - a potion of heal wounds
 n - a potion of invisibility {unknown}
Comestibles
 d - 3 rations


   Skills:
 + Level 3.3 Fighting
 * Level 4.5 Staves
 - Level 1.7 Throwing
 - Level 2.6 Dodging


You had 3 spell levels left.
You didn't know any spells.
Your spell library was empty.

Dungeon Overview and Level Annotations

Branches:
Dungeon (5/15)             Temple (0/1) D:4

Altars:
Dithmenos
Elyvilon
Ru
The Shining One

Annotations:
D:4 2 runed translucent doors, elenap21's ghost, amateur MfBe


Innate Abilities, Weirdness & Mutations

Your plain brown scales are hard. (AC +5)
You cannot fit into any form of body armour.
You are cold-blooded and may be slowed by cold attacks.


Message History

The orc priest is lightly wounded.
The orc priest hits you with a +0 trident.
You closely miss the orc priest. You tail-slap the orc priest.
The orc priest is moderately wounded.
The orc priest hits you with a +0 trident!
* * * LOW HITPOINT WARNING * * *
You thump the orc priest!
The orc priest is almost dead.
The orc priest barely misses you.
The orc priest begins to cast a cantrip, but forgets the words!
You barely miss the orc priest.
Your tail-slap misses the orc priest.
The orc priest is almost dead.
The orc priest miscasts a cantrip.
The orc priest hits you with a +0 trident.
* * * LOW HITPOINT WARNING * * *
You barely miss the orc priest.
The orc priest is almost dead.
The orc priest calls down the wrath of Beogh upon you.
Beogh smites you!
You die...

.............##.###.###.#
#.#.#.#.#.....#.........##
..............'.........†.
#.........####...#####
##.......## ##.##
##...(.## #.# ##ohh## #.#
##o## ####.# #@# #....#
#.# #....# #(# #...##
#...# ##.## #.....# #.#
##...######.# ##.##......#
..######.###### .......>.#


You could see 2 orc priests and 2 jackals.

Vanquished Creatures
  3 adders (D:2)
  2 dart slugs
  2 leopard geckos
  4 orcs
  3 bats
  4 giant cockroaches
  A goblin (D:2)
  9 hobgoblins
  3 jackals (D:3)
  A ball python (D:2)
  4 frilled lizards
  5 kobolds
  4 rats
45 creatures vanquished.

Notes
Turn   | Place    | Note
-------+----------+-------------------------------------------
     0 | D:1      | Mrkan the Draconian Gladiator began the quest for the Orb.
     0 | D:1      | Reached XP level 1. HP: 17/17 MP: 1/1
   331 | D:1      | Reached XP level 2. HP: 11/25 MP: 2/2
   906 | D:2      | Reached XP level 3. HP: 26/30 MP: 3/3
   977 | D:2      | Reached skill level 4 in Staves
  1251 | D:2      | Found a glowing golden altar of the Shining One.
  1251 | D:2      | Found a shadowy altar of Dithmenos.
  1258 | D:2      | Found a sacrificial altar of Ru.
  1389 | D:2      | Became a worshipper of Dithmenos the Shadowed
  1505 | D:3      | Reached XP level 4. HP: 38/38 MP: 4/4
  1579 | D:3      | Found a white marble altar of Elyvilon.
  1772 | D:3      | Found a white marble altar of Elyvilon.
  1813 | D:3      | You fall through a shaft for 2 floors!
  1813 | D:5      | Entered Level 5 of the Dungeon
  1849 | D:4      | Found a large runed translucent door.
  1849 | D:4      | Found a large runed translucent door.
  1853 | D:4      | Noticed elenap21's ghost (amateur MfBe)
  1877 | D:4      | Found a staircase to the Ecumenical Temple.
  1900 | D:4      | Killed from afar by an orc priest

Skill      XL: |  1  2  3 |
---------------+----------+-----
Fighting       | 3 |  3.3
Staves         | 4 |  4.5
Throwing       | |  1.7
Dodging        | |  2.6

Action                   |  1- 3 |  4- 6 || total
-------------------------+-------+-------++-------
Melee: Quarterstaff      |    93 |    36 ||   129
       Tailslap          |     8 |     2 ||    10
  Use: Potion            |       |     1 ||     1
  Eat: Chunk             |     2 |     1 ||     3
Armor: Skin              |    17 |     7 ||    24
Dodge: Dodged            |    62 |    25 ||    87
